AoeStats
← timmy_turner

Arabian Desert

510212534Analyzed
1v1 RM · 3d ago on Sep 30, 2026· 15m 7s· 2 players
Game mode
Random Map
Map size
Tiny (2 player)
Population
200
Speed
Normal
Resources
Standard
Victory
Conquest
Starting age
Dark Age
Ending age
Imperial Age
RankedLock teamsTeams togetherTeam positionsShared explorationLock speedFull tech treeHidden civsTurbo modeCheats
Victory
Defeat
🇺🇸 Aztecs · United States
1623
+12
🇨🇿 Lithuanians · Czechia
1531
-12
kvetys1
9:40 Feudal Age
8:22 Loom
timmy_turner
7:13 Loom
9:42 Feudal Age
10:10 Man-at-Arms
11:52 Double-Bit Axe
13:49 Fletching
14:32 Arson
Connection lost

Rejoining the realm…

Still unreachable

The connection could not be restored.

Session expired

The server has moved on; the page needs a fresh start.